 Dungeon Crawl Stone Soup version 0.30-a0-571-gdf30a72648 (webtiles) character file.

Game seed: 15443766568423090382

21910 wormed the Covert (level 12, -17/65 HPs)
             Began as a Spriggan Hunter on Dec 30, 2022.
             Was the Champion of Okawaru.
             Demolished by a cane toad (24 damage)
             ... on level 1 of the Lair of Beasts.
             The game lasted 00:23:23 (17792 turns).

wormed the Covert (Spriggan Hunter)                Turns: 17792, Time: 00:23:23

Health: -17/65     AC:  4    Str:  5    XL:     12   Next: 58%
Magic:  13/13      EV: 32    Int: 15    God:    Okawaru [******]
Gold:   821        SH:  0    Dex: 24    Spells: 11/11 levels left

rFire   + . .      SeeInvis +    I - +2 arbalest of Taboext {heavy, Str-2 Int+5}
rCold   . . .      Faith    .    (shield currently unavailable)
rNeg    . . .      Spirit   .    r - +2 robe {rF+}
rPois   .          Reflect  .    (helmet restricted)
rElec   .          Harm     .    (no cloak)
rCorr   +          Rampage  .    (gloves unavailable)
Will    ++...                    (boots unavailable)
Stlth   ++++++                   E - amulet of the acrobat
HPRegen 0.30/turn                a - ring of resist corrosion
MPRegen 0.13/turn                (no ring)

@: lethally poisoned (-17 -> -27), studying Dodging, very quick
A: very small, no large weapons, unfitting armour, see invisible, speed 3
a: Renounce Religion, Heroism, Finesse, Duel


You were on level 1 of the Lair of Beasts.
You worshipped Okawaru.
Okawaru was exalted by your worship.
You visited 3 branches of the dungeon, and saw 14 of its levels.

You collected 821 gold pieces.

Inventory:

Hand Weapons
 D - a +0 arbalest
 I - the +2 arbalest of Taboext (weapon) {heavy, Str-2 Int+5}
   (Okawaru gifted it to you on level 12 of the Dungeon)

   Any ammunition fired from it deals dramatically more damage, but attacks with
   it are much slower.
   Str:       It affects your strength (-2).
   Int:       It affects your intelligence (+5).
Missiles
 H - a throwing net
Armour
 r - a +2 robe of fire resistance (worn)
Jewellery
 a - a ring of resist corrosion (left hand)
 l - a ring of fire
 w - a +6 ring of intelligence
 E - an amulet of the acrobat (around neck)
 G - a ring of wizardry
Wands
 u - a wand of flame (54)
 v - a wand of mindburst (37)
 y - a wand of acid (7)
 z - a wand of roots (1)
 A - a wand of paralysis (26)
Scrolls
 b - a scroll of immolation
 c - a scroll of torment {unknown}
 g - a scroll of brand weapon {unknown}
 j - 2 scrolls of magic mapping {unknown}
 k - 2 scrolls of amnesia {unknown}
 n - a scroll of silence {unknown}
 q - 6 scrolls of enchant weapon {unknown}
 s - 3 scrolls of fear {unknown}
 t - 5 scrolls of teleportation {unknown}
 x - 4 scrolls of fog {unknown}
 C - 2 scrolls of blinking {unknown}
 F - 2 scrolls of vulnerability {unknown}
Potions
 d - a potion of might
 e - 6 potions of brilliance
 f - 2 potions of flight
 h - a potion of haste
 i - 2 potions of berserk rage
 m - 2 potions of curing
 o - 2 potions of mutation
 p - 3 potions of cancellation
 B - 2 potions of attraction
 J - a potion of heal wounds


   Skills:
 + Level 8.3 Fighting
 * Level 14.0 Ranged Weapons
 + Level 13.8 Dodging
 + Level 14.7 Stealth


You had 11 spell levels left.
You didn't know any spells.
Your spell library contained the following spells:

 Spells                   Type           Power      Damage    Failure   Level
 Sting                    Tmut/Pois      0%         1d3       26%         1
 Poisonous Vapours        Pois/Air       0%         N/A       38%         2
 Ignite Poison            Fire/Tmut/Pois 0%         N/A       63%         3
 Inner Flame              Hex/Fire       0%         N/A       63%         3
 Kindle Blastsparks       Fire/Tloc/Air  0%         2d10      63%         3
 Cause Fear               Hex            0%         N/A       95%         4
 Leda's Liquefaction      Hex/Erth       0%         N/A       95%         4
 Olgreb's Toxic Radiance  Pois           0%         N/A       95%         4
 Petrify                  Tmut/Erth      0%         N/A       95%         4
 Borgnjor's Vile Clutch   Necr/Erth      0%         N/A       100%        5
 Freezing Cloud           Conj/Ice/Air   0%         6-21      100%        5
 Lee's Rapid Deconstruct  Erth           0%         3d4*      100%        5
 Eringya's Noxious Bog    Tmut/Pois      0%         N/A       100%        6
 Statue Form              Tmut/Erth      0%         N/A       100%        6
 Storm Form               Tmut/Air       0%         N/A       100%        7
 Discord                  Hex            0%         N/A       100%        8
 Maxwell's Capacitive Co  Air            0%         ∞         100%        8
 Polar Vortex             Ice            0%         N/A       100%        9
 Summon Lightning Spire   Summ/Air       Unusable   N/A       N/A         4
 Simulacrum               Ice/Necr       Unusable   N/A       N/A         6

Dungeon Overview and Level Annotations

Branches:
Dungeon (12/15)            Temple (1/1) D:5            Lair (1/5) D:11
    Orc (0/2) D:11

Altars:
Ashenzari
Cheibriados
Dithmenos
Elyvilon
Fedhas
Gozag
Hepliaklqana
Kikubaaqudgha
Makhleb
Nemelex Xobeh
Okawaru
Qazlal
Ru
Sif Muna
Trog
Uskayaw
Vehumet
Wu Jian
Xom
Yredelemnul
Zin
The Shining One

Shops:
D:8 *

Annotations:
D:9 2 transporters, oldmanjim's ghost, novice DjEE
D:12 Snorg


Innate Abilities, Weirdness & Mutations

You are very small and have problems with some larger weapons.
You are too small for most types of armour.
You have supernaturally acute eyesight. (SInv)
You cover ground extremely quickly. (Speed+++)


Message History

Okawaru accepts your kill. The blink frog hits you!
The blink frog blinks!
The yak completely misses you. The yak misses you.
The blink frog completely misses you.
Your Ranged Weapons skill increases to level 14!
You shoot a bolt. The bolt hits the blink frog!!!
You kill the blink frog!
Okawaru accepts your kill. The yak barely misses you.
A polar bear comes into view.
The yak misses you.
A cane toad comes into view.
You shoot a bolt.
The bolt hits the yak but does no damage.
The yak is moderately wounded.
You shoot a bolt. The bolt hits the yak!
The yak is moderately wounded.
The yak barely misses you.
You shoot a bolt. The bolt hits the yak!!
You kill the yak!
Okawaru accepts your kill.
You shoot a bolt. The bolt hits the yak!!
The yak is heavily wounded.
The yak completely misses you.
The blink frog blinks!
The cane toad closely misses you. The yak completely misses you.
You shoot a bolt. The bolt hits the yak!
The yak is almost dead.
The cane toad stings you!
You are poisoned.
The cane toad poisons you! The yak gores you but does no damage.
The cane toad misses you.
You shoot a bolt. The bolt hits the polar bear!
The polar bear is lightly wounded.
The sentinel's mark upon you fades away.
You feel extremely sick. The polar bear completely misses you.
The polar bear misses you.
The polar bear claws you but does no damage.
The yak gores you!
* * * LOW HITPOINT WARNING * * *
The cane toad stings you!!
You die...

....## ##.....#..##.....######
#....## ##.......###..###....##
##....## #...................P#
#.....####..................#
##.....########P#.###...##P##
#.#....#### ##### ##.#.#######
####....#.############..#..#P##
##......##..h...#......F....
##P...###.@YF.....†.h......
##P..# ##.F...............
##### #.##P############.# ##
### ###


You could see a polar bear, a yak, a cane toad and a blink frog.

Vanquished Creatures
  Erica (D:11)
  3 two-headed ogres
  Amaemon (D:9)
  A manticore (D:12)
  An ugly thing (D:12)
  A wolf spider (D:11)
  3 cyclopes
  An oklob plant (D:11)
  A black mamba (Lair:1)
  A gargoyle (D:12)
  An orange demon (D:10)
  6 cane toads
  2 kobold demonologists (D:12)
  3 unseen horrors
  2 komodo dragons
  2 rime drakes (Lair:1)
  Psyche (D:12)
  2 trolls
  Prince Ribbit (D:7)
  A hornet (D:8)
  2 blink frogs (Lair:1)
  2 shadows (D:10)
  A basilisk (Lair:1)
  2 wraiths (D:10)
  2 vampires (D:10)
  18 yaks
  A wyvern (D:9)
  A steam dragon (D:9)
  3 vampire mosquitoes (D:10)
  An acid dragon (D:11)
  3 water moccasins
  The ghost of beezmis the Firebug, an amateur DEFE (D:3)
  An ice beast (D:5)
  A black bear (D:8)
  8 orc warriors
  4 ogres
  A sky beast (D:7)
  7 centaurs
  A phantom (D:4)
  5 kobold brigands
  4 bullfrogs
  2 necrophages (D:6)
  4 scorpions
  A gnoll sergeant (D:8)
  4 wights (D:5)
  4 killer bees
  7 howler monkeys
  A crimson imp (D:8)
  14 orc priests
  4 hounds
  3 jellies
  6 iguanas
  10 orc wizards
  14 gnolls
  12 adders
  2 white imps
  An ufetubus (D:3)
  A worm (D:3)
  3 dart slugs
  42 orcs
  5 endoplasms
  2 giant cockroaches (D:1)
  9 hobgoblins
  12 jackals
  37 kobolds
  2 quokkas
  12 ball pythons
  4 bats
  4 frilled lizards
  6 goblins
  5 rats
337 creatures vanquished.

Vanquished Creatures (others)
  8 fungi (Lair:1)
  7 plants
15 creatures vanquished.

Grand Total: 352 creatures vanquished

Notes
Turn   | Place    | Note
-------+----------+-------------------------------------------
     0 | D:1      | wormed the Spriggan Hunter began the quest for the Orb.
     0 | D:1      | Reached XP level 1. HP: 10/10 MP: 2/2
   147 | D:1      | Reached XP level 2. HP: 15/15 MP: 3/3
   508 | D:1      | Reached XP level 3. HP: 18/18 MP: 4/4
  1273 | D:2      | Reached XP level 4. HP: 22/23 MP: 5/5
  1816 | D:3      | Noticed beezmis's ghost (amateur DEFE)
  1816 | D:3      | Found a runed translucent gate.
  1816 | D:3      | Found a runed translucent gate.
  1816 | D:3      | Found an opulent altar of Gozag.
  1816 | D:3      | Found a runed translucent gate.
  1817 | D:3      | Noticed an ogre
  1947 | D:3      | Reached skill level 5 in Ranged Weapons
  2069 | D:3      | Reached XP level 5. HP: 27/27 MP: 6/6
  2783 | D:4      | Noticed a phantom
  2791 | D:4      | Killed a phantom
  2792 | D:4      | Reached XP level 6. HP: 23/32 MP: 7/7
  3024 | D:4      | Reached skill level 5 in Stealth
  3394 | D:4      | Reached skill level 5 in Dodging
  3394 | D:4      | Reached XP level 7. HP: 36/36 MP: 8/8
  3820 | D:5      | Entered Level 5 of the Dungeon
  3981 | D:5      | Found a staircase to the Ecumenical Temple.
  4020 | Temple   | Entered the Ecumenical Temple
  4289 | D:5      | Reached XP level 8. HP: 24/42 MP: 9/9
  5405 | D:6      | Found a shimmering altar of Xom.
  5406 | D:6      | Found an opulent altar of Gozag.
  5460 | D:6      | Found a bloodstained altar of Trog.
  5766 | D:6      | Reached XP level 9. HP: 28/46 MP: 10/10
  6101 | D:6      | Found an ornate altar of the Wu Jian Council.
  6521 | D:7      | Got the Lectures on Dusty Toxins
  6563 | D:7      | Noticed Prince Ribbit
  7102 | D:7      | Found a shadowy altar of Dithmenos.
  7276 | D:7      | Reached skill level 5 in Fighting
  7375 | D:7      | Found a sparkling altar of Nemelex Xobeh.
  7375 | D:7      | Found an iron altar of Okawaru.
  7514 | D:7      | Found a radiant altar of Vehumet.
  7703 | D:7      | Killed Prince Ribbit
  7794 | D:7      | Found a faded altar of an unknown god.
  7796 | D:7      | Found a shimmering blue altar of Sif Muna.
  7798 | D:7      | Found a faded altar of an unknown god.
  7808 | D:7      | Became a worshipper of Warmaster Okawaru
  8473 | D:8      | Found Sausamat's Neck Hole.
  8621 | D:8      | Found a burning altar of Makhleb.
  8712 | D:8      | Noticed a troll
  8807 | D:8      | Killed a troll
  8807 | D:8      | Reached * piety under Okawaru
  8808 | D:8      | Reached skill level 10 in Ranged Weapons
  8808 | D:8      | Reached skill level 10 in Stealth
  9250 | D:8      | Reached XP level 10. HP: 52/52 MP: 11/11
  9474 | D:9      | Noticed a two-headed ogre
 10746 | D:9      | Found a glowing golden altar of the Shining One.
 10747 | D:9      | Found a hazy altar of Hepliaklqana.
 10852 | D:9      | Killed a two-headed ogre
 10852 | D:9      | Reached ** piety under Okawaru
 10951 | D:9      | Found a transporter.
 10951 | D:9      | Noticed a boulder beetle
 10951 | D:9      | Noticed oldmanjim's ghost (novice DjEE)
 11035 | D:9      | Found a transporter.
 11358 | D:3      | Killed beezmis's ghost
 11589 | D:10     | Entered Level 10 of the Dungeon
 11589 | D:10     | Noticed an orange demon
 11590 | D:10     | Noticed Amaemon
 11592 | D:10     | Killed an orange demon
 11699 | D:9      | Killed Amaemon
 11699 | D:9      | Reached *** piety under Okawaru
 11757 | D:10     | Reached skill level 10 in Dodging
 12045 | D:10     | Reached XP level 11. HP: 48/58 MP: 12/12
 12125 | D:10     | Reached **** piety under Okawaru
 12649 | D:11     | Noticed a two-headed ogre
 13161 | D:10     | Killed a two-headed ogre
 14456 | D:11     | Reached ***** piety under Okawaru
 14686 | D:11     | Noticed Erica
 14721 | D:11     | Killed Erica
 14778 | D:11     | Found a staircase to the Orcish Mines.
 14879 | D:11     | Found a staircase to the Lair.
 14881 | D:11     | Noticed an oklob plant
 15057 | D:11     | Identified a scroll of acquirement
 15060 | D:11     | Acquired a manual of Dodging
 15171 | D:11     | Killed an oklob plant
 15195 | Lair:1   | Entered Level 1 of the Lair of Beasts
 16083 | D:11     | Reached XP level 12. HP: 41/64 MP: 13/13
 16286 | D:12     | Found a radiant altar of Vehumet.
 16510 | D:12     | Noticed Psyche
 16513 | D:12     | Killed Psyche
 16696 | D:12     | Noticed a two-headed ogre
 16726 | D:12     | Killed a two-headed ogre
 16755 | D:12     | Reached ****** piety under Okawaru
 16949 | D:12     | Noticed Snorg
 17190 | D:12     | Identified the +2 arbalest of Taboext {heavy, Str-2 Int+5}
                  | (Okawaru gifted it to you on level 12 of the Dungeon)
 17190 | D:12     | Received a gift from Okawaru
 17792 | Lair:1   | Demolished by a cane toad

Illustrated notes

Levels and vault maps discovered:
D:1:      psy_arrival_radial02, layout_loops_ring
D:2:      layout_basic, serial_glass, glass_columns_b, glass_columns_a,
          glass_columns_b, glass_columns_b, glass_columns_a, glass_columns_a,
          glass_columns_b, glass_columns_b
D:3:      layout_loops_ring, ebering_ghost_gozag, saegor_snake_ambush
D:4:      layout_layer_cave
D:5:      layout_gridville, minmay_temple_entry_enclosed_plants
D:6:      layout_basic, trog_butcher_becter, nicolae_overflow_hidden_temple
D:7:      layout_loops_ring, mainiacjoe_overflow_two_lobes,
          chequers_temple_overflow_minitemple, uniq_prince_ribbit1
D:8:      layout_layer_cave, makhleb_grotto_becter,
          nicolae_shop_sticking_my_neck_out
D:9:      layout_gridville, gammafunk_temple_overflow_statue,
          gammafunk_ghost_arena
D:10:     layout_long_grid, uniq_amaemon
D:11:     layout_cave_pools, dpeg_oklobed_lair, david_orc_2, uniq_erica
D:12:     evilmike_horseshoe, layout_loops_ring, vehumet_altar_wand_db,
          uniq_snorg, uniq_psyche
Temple:   compressed_dpeg_circular_temple
Lair:1:   layout_concentric_octagons, grunt_megastairs_2

Skill      XL: |  1  2  3  4  5  6  7  8  9 10 11 12 |
---------------+-------------------------------------+-----
Stealth        | 2 3 4 5 6 8 10 11 13 14 | 14.7
Dodging        | 3 4 5 7 8 10 12 13 | 13.8
Fighting       | 2 3 4 5 6 7 8 |  8.3
Ranged Weapons | 5 6 7 8 10 11 13 14 | 14.0

Action                   |  1- 3 |  4- 6 |  7- 9 | 10-12 || total
-------------------------+-------+-------+-------+-------++-------
 Fire: Shortbow          |    93 |   155 |   594 |   152 ||   994
       Arbalest          |       |       |       |   534 ||   534
Throw: Throwing net      |       |       |       |     3 ||     3
Evoke: Wand              |       |       |       |     3 ||     3
  Use: Scroll            |       |       |     7 |     7 ||    14
       Potion            |       |       |       |    10 ||    10
Armor: Robe              |     3 |     5 |    13 |    21 ||    42
Dodge: Dodged            |    34 |    56 |   218 |   628 ||   936

Table legend: (Time is in decaauts)
 A = Elapsed time spent in this place.
 B = Non-inter-level travel time spent in this place.
 C = Inter-level travel time spent in this place.
 D = Time resting spent in this place.
 E = Time spent auto-exploring this place.
 F = Levels seen in this place.
 G = Mean time per level.
                   A        B        C        D        E       F      G
               +--------+--------+--------+--------+--------+-----+--------+
         Total |  13586 |  12722 |    864 |    713 |   8470 |  14 |  970.4 |
       Dungeon |  12611 |  11747 |    864 |    713 |   7750 |  12 | 1050.9 |
        Temple |     55 |     55 |      0 |      0 |     40 |   1 |   55.0 |
          Lair |    919 |    919 |      0 |      0 |    679 |   1 |  919.0 |
               +--------+--------+--------+--------+--------+-----+--------+

Top non-repeatable levels by time:
     D:8: 2105 daAuts
    D:10: 1851 daAuts
    D:11: 1357 daAuts
     D:6: 1178 daAuts
     D:7: 1014 daAuts
     D:4: 939 daAuts
     D:5: 930 daAuts
  Lair:1: 919 daAuts
     D:9: 721 daAuts
    D:12: 687 daAuts
     D:3: 684 daAuts
     D:1: 598 daAuts
     D:2: 543 daAuts
  Temple: 55 daAuts
